 Dungeon Crawl Stone Soup version 0.25.1-2-g60ff931 (webtiles) character file.

Game seed: 9184596958880451340

60 warborn304 the Poker (level 3, -3/33 HPs)
             Began as a Minotaur Berserker on Sept 23, 2020.
             Was a Believer of Trog.
             Slain by Sigmund
             ... wielding a +5 scythe of freezing
              (10 damage)
             ... on level 2 of the Dungeon.
             The game lasted 00:02:16 (1271 turns).

warborn304 the Poker (Minotaur Berserker)           Turns: 1271, Time: 00:02:17

Health: -3/33      AC:  6    Str: 22    XL:     3   Next: 80%
Magic:  2/2        EV: 12    Int:  4    God:    Trog [**....]
Gold:   97         SH:  0    Dex:  9    Spells: 2/2 levels left

rFire    . . .     SeeInvis .   a - +0 spear
rCold    . . .     Gourm    .   (no shield)
rNeg     . . .     Faith    .   d - +0 ring mail
rPois    .         Spirit   .   (helmet restricted)
rElec    .         Reflect  .   (no cloak)
rCorr    .         Harm     .   i - +0 pair of gloves
MR       .....                  (no boots)
Stlth    +.........             (no amulet)
HPRegen  0.11/turn              j - ring of stealth
MPRegen  0.08/turn              (no ring)

@: berserk cooldown, slowed, very slow
A: retaliatory headbutt, horns 2
a: Berserk, Trog's Hand, Renounce Religion


You were on level 2 of the Dungeon.
You worshipped Trog.
Trog was pleased with you.
You were very hungry.

You visited 1 branch of the dungeon, and saw 2 of its levels.

You collected 97 gold pieces.

Inventory:

Hand Weapons
 a - a +0 spear (weapon)
Armour
 d - a +0 ring mail (worn)
 i - a +0 pair of gloves (worn)
Jewellery
 j - a ring of stealth (left hand)
Scrolls
 e - a scroll of magic mapping
 h - 2 scrolls of identify
 m - a scroll of remove curse {unknown}
 n - a scroll of amnesia {unknown}
Potions
 b - a potion of stabbing {unknown}
 g - a potion of degeneration {unknown}
 k - a potion of curing {unknown}
 l - a potion of heal wounds {unknown}
Comestibles
 c - 3 rations


   Skills:
 + Level 4.3 Fighting
 + Level 4.3 Polearms
 + Level 2.9 Armour
 + Level 3.2 Dodging


You had 2 spell levels left.
You didn't know any spells.
Your spell library was empty.

Dungeon Overview and Level Annotations

Branches:
Dungeon (2/15)

Altars:

Annotations:
D:2 Sigmund


Innate Abilities, Weirdness & Mutations

You reflexively headbutt those who attack you in melee.
You have a pair of horns on your head.


Message History

Sigmund casts a spell.
Sigmund flickers and vanishes!
Deactivating autopickup; reactivate with Ctrl-A.
You miss something.
You are feeling very hungry.
Something hits you! Something freezes you.
You bump into the rock wall.
You feel a strong urge to attack something.
You are no longer berserk.
You are exhausted.
You feel yourself slow down.
You bump into the rock wall.
Something hits you. Something freezes you.
You feel less confused. Something hits you. Something freezes you.
Something hits you.
* * * LOW HITPOINT WARNING * * *
Something freezes you.
* * * LOW HITPOINT WARNING * * *
You miss something. You headbutt something! Something hits you!
You die...

#....รท<.......
#.#.#.#####.#.
#.....#####.# #
###.###...#.#.#
#..##......#.
#.###....... ##.#
#.....K# #..# #.. #{#
#.#.### #.##@# ..###..#
#.g..# ##.# ##.###..###
#.# ## ##.....#####.#
### ##.
#.##............# #..
##.
#..#####.##############
#.# ..###.# #.#
#........).# #.# #.#.##
#.# #.########.# #.#
#..# #.# #.# ##.###.#


You could see a hobgoblin and a kobold.

Vanquished Creatures
  2 adders (D:2)
  3 oozes (D:1)
  A leopard gecko (D:1)
  5 bats
  2 giant cockroaches
  3 hobgoblins
  5 kobolds (D:1)
  A frilled lizard (D:1)
  3 goblins
  7 rats (D:1)
32 creatures vanquished.

Notes
Turn   | Place    | Note
-------+----------+-------------------------------------------
     0 | D:1      | warborn304 the Minotaur Berserker began the quest for the
                  | Orb.
     0 | D:1      | Reached XP level 1. HP: 19/19 MP: 0/0
   134 | D:1      | Reached XP level 2. HP: 24/27 MP: 1/1
   586 | D:1      | Reached ** piety under Trog
   611 | D:1      | Reached XP level 3. HP: 33/33 MP: 2/2
  1257 | D:2      | Noticed Sigmund
  1271 | D:2      | Slain by Sigmund

Illustrated notes

Levels and vault maps discovered:
D:1:      minmay_arrival_shattered_statue, layout_loops_cross
D:2:      layout_loops_ring, lemuel_coloured_pillars_altar,
          lemuel_zombie_altar_kikubaaqudgha, chequers_ecumenical_altar_island,
          minmay_vboxes, uniq_sigmund

Skill      XL: |  1  2  3 |
---------------+----------+-----
Polearms       | 4 |  4.3
Fighting       | 4 |  4.3
Dodging        | 3 |  3.2
Armour         | |  2.9

Action                   || total
-------------------------++-------
Melee: Spear             ||    99
       Headbutt          ||    14
Invok: Berserk           ||     1
  Use: Scroll            ||     2
 Stab: Sleeping          ||     1
  Eat: Chunk             ||     1
Armor: Ring mail         ||    32
Dodge: Dodged            ||    38
